 Dungeon Crawl Stone Soup version 0.21.0-24-g2553a33 (webtiles) character file.

4833 Gorglomux the Arsonist (level 10, -2/56 HPs)
             Began as an Octopode Fire Elementalist on Jan 20, 2018.
             Was a Believer of Vehumet.
             Slain by stickyfingers's ghost (19 damage)
             ... on level 8 of the Dungeon.
             The game lasted 00:27:08 (9853 turns).

Gorglomux the Arsonist (Octopode Fire Elementalist) Turns: 9853, Time: 00:27:09

Health: -2/56      AC:  1    Str:  8    XL:     10   Next: 49%
Magic:  0/45       EV: 13    Int: 25    God:    Vehumet [**....]
Gold:   447        SH:  4    Dex: 12    Spells: 11/24 levels left

rFire    + . .     SeeInvis .   Q - staff of power
rCold    + . .     Gourm    +   (no shield)
rNeg     . . .     Faith    .   (helmet restricted)
rPois    +         Spirit   .   y - amulet of Deiniplu {Gourm rF+ Int+4}
rElec    .         Reflect  .   M - ring of magical power
rCorr    .         Harm     .   (no ring)
MR       .....                  (no ring)
Stlth    +++.......             (no ring)
HPRegen  0.18/turn              (no ring)
MPRegen  0.29/turn              (no ring)
                                (no ring)
                                (no ring)

@: no status effects
A: almost no armour, stealthy swim, amphibious, 8 rings, constrict 8, large bone
plates 1, camouflage 1, cold resistance 1, poison resistance, gelatinous body 1
a: Renounce Religion


You were on level 8 of the Dungeon.
You worshipped Vehumet.
Vehumet was pleased with you.
You were very full.

You visited 2 branches of the dungeon, and saw 9 of its levels.
You also visited: Ossuary.

You collected 447 gold pieces.

Inventory:

Hand Weapons
 d - a +1 dagger
Armour
 S - a +0 buckler
Magical Staves
 Q - an uncursed staff of power (weapon)
Jewellery
 y - the amulet of Deiniplu (around mantle) {Gourm rF+ Int+4}
   (You found it on level 7 of the Dungeon)

   [amulet of the gourmand]

   It allows you to eat raw meat even when not hungry.
   It affects your intelligence (+4).
   It protects you from fire.
 M - a ring of magical power (left tentacle)
 Z - an uncursed amulet of magic regeneration
Wands
 D - a wand of digging (10)
 I - a wand of iceblast (14)
 P - a wand of paralysis (9)
Scrolls
 f - 3 scrolls of amnesia
 o - 3 scrolls of fog
 q - a scroll of enchant weapon
 s - 5 scrolls of remove curse
 x - a scroll of brand weapon {unknown}
 J - a scroll of enchant armour {unknown}
 L - a scroll of blinking {unknown}
 N - a scroll of silence {unknown}
 O - a scroll of random uselessness {unknown}
 R - 2 scrolls of identify
 T - 2 scrolls of teleportation
 U - 3 scrolls of noise {unknown}
 V - a scroll of summoning {unknown}
Potions
 e - a potion of brilliance
 h - 2 potions of mutation {!q}
 j - a potion of invisibility
 l - a potion of magic
 n - 4 potions of might
 p - 2 potions of lignification
 r - a potion of agility
 u - 3 potions of curing
 v - 3 potions of heal wounds
 H - a potion of haste {unknown}
 K - a potion of berserk rage
 W - a potion of resistance
 X - 3 potions of degeneration
 Y - a potion of cancellation
Books
 a - a book of Flames

   Spells                             Type                      Level
   a - Flame Tongue                   Conjuration/Fire             1
   b - Throw Flame                    Conjuration/Fire             2
   c - Conjure Flame                  Conjuration/Fire             3
   d - Inner Flame                    Hexes/Fire                   3
   e - Sticky Flame                   Conjuration/Fire             4
   f - Fireball                       Conjuration/Fire             5
Comestibles
 b - 13 rations
 G - 3 chunks of flesh


   Skills:
 + Level 0.0 Fighting
 + Level 2.0 Dodging
 - Level 2.6 Stealth
 - Level 5.4 Shields
 - Level 7.7 Spellcasting
 - Level 8.2 Conjurations
 - Level 8.7 Fire Magic


You had 11 spell levels left.
You knew the following spells:

 Your Spells              Type           Power        Failure   Level  Hunger
a - Flame Tongue          Conj/Fire      #####        1%          1    None
b - Sticky Flame          Conj/Fire      ######..     1%          4    ##.....
c - Fireball              Conj/Fire      ######....   5%          5    #####..
j - Conjure Flame         Conj/Fire      ######..     1%          3    None


Dungeon Overview and Level Annotations

Branches:
Dungeon (8/15)             Temple (1/1) D:5
   Lair: D:8-11

Altars:
Ashenzari
Cheibriados
Dithmenos
Elyvilon
Fedhas
Gozag
Hepliaklqana
Kikubaaqudgha
Makhleb
Nemelex Xobeh
Okawaru
Qazlal
Ru
Sif Muna
Trog
Uskayaw
Vehumet
Wu Jian
Xom
Yredelemnul
Zin
The Shining One

Annotations:
D:8 stickyfingers's ghost, novice MiBe


Innate Abilities, Weirdness & Mutations

You cannot wear most types of armour.
You are very stealthy in the water. (Stealth+)
You are amphibious.
You can wear up to eight rings at the same time.
You can use your tentacles to constrict eight enemies at once.
Your skin changes colour to match your surroundings (Stealth+).
Your rubbery body absorbs attacks. (AC +1, EV +1)
You are partially covered in large bone plates. (SH +4)
Your flesh is cold resistant. (rC+)
Your system is resistant to poisons. (rPois)


Message History

The flame tongue hits stickyfingers's ghost!
Stickyfingers's ghost butts heavily damaged!
Butts's ghost is engulfed in blazing flames!
Stickyfingers's ghost hits you!!!
Press: ? - help, v - describe, ! - travel
Here: stickyfingers's ghost, butt a weapon of electrocution (flame, heavily damaged)
The floor!
You hit stickyfingers's ghost but do butt damage!
Stickyfingers's ghost is heavily damaged!
Stickyfingers's ghost is engulfed in blazing flames!
Stickyfingers's ghost misses you!
Casting: Flame Tongue
Confirm with ! or Enter, or press ? or * to list all spells!
Aiming: Flame Tongue
Press: ? - help, Shift-Dir - straight line, f/p - stickyfingers's ghost
Aim: stickyfingers's butt, wielding a weapon of electrocution (flame, severely damaged)
The flame tongue misses stickyfingers's ghost!
Stickyfingers's ghost is butt in blazing flames!
Stickyfingers's ghost hits you!
You are electrocuted!!! rip

#.....# #.. . .. #
......###.##### #.##.### #
.....O#.......# #.#....# #
..###.#.......# #......# #
...##.#)).....###......# #
P....))))).....(.[.....##########
.P..#)###...(....................
P)..#..###((.#########...........
..P)..(((.).))§W@..#.......######
.P......(#...#####.#.#.....#....#
....#)##.#...# #.#.#.....###..#
P...#.##.#...# ##.#.#..........#
......##W#...####..#.####..###..#
...##W##(#...##......# #..#....#
... #.##.#...##.#§#### #..######
##. #.##.#...##.#§§§.# ##.......
#....#...##.#§§#(# #######.


You could see stickyfingers's ghost.

Vanquished Creatures
  A two-headed ogre (D:8)
  Pikel (D:6)
  Psyche (D:8)
  Eustachio (D:6)
  A porcupine (D:8)
  2 slaves (D:6)
  An ice beast (D:8)
  An orc warrior (D:8)
  A sky beast (D:8)
  2 ogres
  A necrophage (D:6)
  A centaur (D:8)
  A crocodile (D:8)
  2 bullfrogs
  A gnoll sergeant (D:8)
  2 wyvern zombies (D:6)
  15 scorpions
  A howler monkey (D:4)
  A bullfrog zombie (D:8)
  3 crimson imps
  4 hounds
  2 jellies
  4 orc priests
  2 bullfrog skeletons
  3 human zombies (Ossuary)
  3 iguanas
  6 worker ants
  6 orc wizards
  3 big kobold zombies (Ossuary)
  2 hound skeletons
  3 mummies (Ossuary)
  A worker ant zombie (D:2)
  7 gnolls
  5 scorpion zombies (Ossuary)
  13 adders
  A shadow imp (D:8)
  An ooze (D:1)
  An adder skeleton (D:6)
  2 worms (D:5)
  2 dart slugs
  3 leopard geckos
  20 orcs
  A ball python (D:1)
  5 giant cockroaches
  6 goblins
  4 hobgoblins
  8 jackals
  4 quokkas
  A ball python skeleton (D:4)
  8 bats
  3 frilled lizards
  3 gnoll zombies (Ossuary)
  2 goblin zombies (D:8)
  A hobgoblin zombie (Ossuary)
  A jackal skeleton (D:5)
  6 kobolds
  2 kobold zombies (Ossuary)
  An orc zombie (Ossuary)
  4 rats
194 creatures vanquished.

Vanquished Creatures (others)
  15 fungi (D:8)
  3 plants (D:8)
18 creatures vanquished.

Grand Total: 212 creatures vanquished

Notes
Turn   | Place    | Note
-------+----------+-------------------------------------------
     0 | D:1      | Gorglomux the Octopode Fire Elementalist began the quest for the Orb.
     0 | D:1      | Reached XP level 1. HP: 11/11 MP: 3/3
   250 | D:1      | Reached XP level 2. HP: 17/17 MP: 3/5
  1218 | D:2      | Reached XP level 3. HP: 21/21 MP: 3/6
  1339 | D:2      | Learned a level 3 spell: Conjure Flame
  1388 | D:2      | Reached XP level 4. HP: 20/27 MP: 2/8
  1537 | D:2      | Found an iron altar of Okawaru.
  1642 | D:2      | Found a hazy altar of Hepliaklqana.
  1645 | D:2      | Reached skill level 3 in Spellcasting
  2039 | D:2      | Found a hide-covered altar of Uskayaw.
  2128 | D:2      | Reached XP level 5. HP: 30/31 MP: 5/9
  2647 | D:3      | Learned a level 4 spell: Sticky Flame
  2727 | D:3      | Reached skill level 3 in Conjurations
  2955 | D:3      | Found a snail-covered altar of Cheibriados.
  3263 | D:3      | Found a bloodstained altar of Trog.
  3264 | D:3      | Found an ancient bone altar of Kikubaaqudgha.
  3493 | D:4      | Noticed an ogre
  3513 | D:4      | Killed an ogre
  3513 | D:4      | Reached XP level 6. HP: 36/36 MP: 1/11
  4353 | D:4      | Reached XP level 7. HP: 41/41 MP: 9/13
  4518 | D:4      | Found an opulent altar of Gozag.
  4652 | D:5      | Entered Level 5 of the Dungeon
  4868 | D:5      | Gained mutation: You are partially covered in large bone plates. (SH +4) [potion of mutation]
  4868 | D:5      | Gained mutation: Your flesh is cold resistant. (rC+) [potion of mutation]
  4868 | D:5      | Gained mutation: Your system is resistant to poisons. (rPois) [potion of mutation]
  4923 | D:5      | HP: 2/41 [bullfrog skeleton (6)]
  4951 | D:4      | Found an iron altar of Okawaru.
  5137 | D:5      | Found an opulent altar of Gozag.
  5198 | D:5      | Found a staircase to the Ecumenical Temple.
  5251 | Temple   | Entered the Ecumenical Temple
  5566 | D:5      | Reached XP level 8. HP: 39/46 MP: 9/15
  5597 | D:5      | Reached skill level 6 in Fire Magic
  6924 | D:6      | Reached skill level 6 in Conjurations
  6931 | D:6      | Learned a level 5 spell: Fireball
  6978 | D:6      | Found a radiant altar of Vehumet.
  6998 | D:6      | Found an ornate altar of the Wu Jian Council.
  7012 | D:6      | Became a worshipper of Vehumet
  7181 | D:6      | Noticed Pikel
  7199 | D:6      | Killed Pikel
  7199 | D:6      | Reached skill level 6 in Spellcasting
  7199 | D:6      | Reached XP level 9. HP: 34/51 MP: 18/18
  7318 | D:6      | Noticed Eustachio
  7324 | D:6      | Killed Eustachio
  7716 | D:7      | Found a shattered altar of Ashenzari.
  7986 | D:7      | Found a stormy altar of Qazlal.
  8288 | D:7      | Got a twitching crystal amulet
  8289 | D:7      | Identified the amulet of Deiniplu {Gourm rF+ Int+4} (You found it on level 7 of the Dungeon)
  8561 | D:8      | Found a sand-covered staircase.
  8615 | Ossuary  | Entered an ossuary
  8640 | Ossuary  | Reached * piety under Vehumet
  8640 | Ossuary  | Offered knowledge of Sting by Vehumet.
  9233 | D:8      | Noticed Psyche
  9246 | D:8      | Killed Psyche
  9246 | D:8      | Reached XP level 10. HP: 35/56 MP: 16/21
  9265 | D:8      | Reached ** piety under Vehumet
  9265 | D:8      | Offered knowledge of Freeze by Vehumet.
  9265 | D:8      | Reached skill level 1 in Shields
  9662 | D:8      | Reached skill level 3 in Shields
  9785 | D:8      | Noticed a two-headed ogre
  9802 | D:8      | Noticed stickyfingers's ghost (novice MiBe)
  9845 | D:8      | Killed a two-headed ogre
  9853 | D:8      | Slain by stickyfingers's ghost

Skill      XL: |  1  2  3  4  5  6  7  8  9 10 |
---------------+-------------------------------+-----
Conjurations   | 2 3 4 5 6 8 |  8.2
Spellcasting   | 3 4 5 6 7 |  7.7
Fire Magic     | 4 5 7 8 |  8.7
Shields        | 5 |  5.4
Dodging        | |  2.0
Stealth        | |  2.6

Action                   |  1- 3 |  4- 6 |  7- 9 | 10-12 || total
-------------------------+-------+-------+-------+-------++-------
Melee: Dagger            |    14 |    27 |    47 |       ||    88
       Constrict         |     4 |     5 |     6 |     7 ||    22
       Tentacles         |     3 |     3 |     7 |     5 ||    18
       Staff             |       |       |     7 |    28 ||    35
 Cast: Flame Tongue      |    40 |    99 |   248 |    70 ||   457
       Conjure Flame     |       |     2 |    15 |     6 ||    23
       Sticky Flame      |       |     1 |    16 |     5 ||    22
       Fireball          |       |       |     4 |     6 ||    10
  Use: Potion            |       |       |     6 |       ||     6
       Scroll            |       |       |     1 |    14 ||    15
 Stab: Sleeping          |     1 |     1 |       |       ||     2
  Eat: Chunk             |     2 |     9 |    15 |    10 ||    36
       Ration            |       |       |     2 |       ||     2
Armor: Skin              |     1 |    12 |   104 |     2 ||   119
Dodge: Dodged            |    22 |    63 |    57 |    24 ||   166
Block: Other             |       |       |    12 |    10 ||    22
